 Dungeon Crawl Stone Soup version 0.31-a0-544-gceb718ecc6 (webtiles) character file.

Game seed: 14821170153989591872

100 lunkers the Ruffian (level 5, -3/40 HPs)
             Began as a Meteoran Shapeshifter on Aug 15, 2023.
             Slain by a gnoll
             ... wielding a +0 halberd
              (5 damage)
             ... on level 2 of the Dungeon.
             The game lasted 00:02:03 (903 turns).

lunkers the Ruffian (Meteoran Shapeshifter)          Turns: 903, Time: 00:02:04

Health: -3/40      AC:  5    Str: 17    XL:     5   Next: 24%
Magic:  6/6        EV: 11    Int:  9    God:
Gold:   61         SH:  0    Dex: 16    Spells: 4/4 levels left

rFire   . .          .
                       - Unarmed
rCold   . . .        (no shield)
rNeg    . . .        i - +0 ring mail
rPois   +            (helmet currently unavailable)
rElec   .            (cloak currently unavailable)
rCorr   .            (gloves currently unavailable)
SInv    .            (boots currently unavailable)
Will    .....        (no amulet)
Stlth   +            n - ring of poison resistance
HPRegen 0.26/turn    (no ring)
MPRegen 0.10/turn

%: no passive effects
@: beast-form, glowing
A: beast (slay +2), sense surroundings 1, otherworldly, glowing, explore regen
a: Begin Untransformation


You were on level 2 of the Dungeon.
You were a hulking beast.
You visited 1 branch of the dungeon, and saw 3 of its levels.

You collected 61 gold pieces.

Inventory:

Armour
 a - a +0 animal skin
 i - a +0 ring mail (worn)
Jewellery
 n - a ring of poison resistance (left hand)
Talismans
 c - a beast talisman (active)
 d - a flux talisman
Wands
 l - a wand of flame (10)
Scrolls
 e - 2 scrolls of fog {unknown}
 f - a scroll of enchant weapon {unknown}
 g - a scroll of noise {unknown}
 h - a scroll of identify {unknown}
 j - a scroll of poison {unknown}
 o - a scroll of teleportation {unknown}
Potions
 b - a potion of lignification
 k - a potion of haste {unknown}
 m - a potion of might {unknown}


   Skills:
 - Level 1.1 Fighting
 - Level 2.1 Dodging
 * Level 5.6 Unarmed Combat
 + Level 4.4 Shapeshifting


You had 4 spell levels left.
You didn't know any spells.
Your spell library contained the following spells:

 Spells                   Type           Power      Damage    Failure   Level
 Olgreb's Toxic Radiance  Pois           0%         N/A       100%        4
 Discord                  Hex            0%         N/A       100%        8
 Ignition                 Fire           0%         3d3       100%        8


Dungeon Overview and Level Annotations

Branches:
Dungeon (3/15) Zot: 907

Altars:


Innate Abilities, Weirdness & Mutations

You are a hulking beast.
Your limbs bulge with bestial killing power. (Slay +2)
You passively map a small area around you.
You are easily found by Zot.
You glow in the dark.
You regain HP and MP as you explore.


Message History

You see here a beast talisman.
There is a stone staircase leading up here.
You climb upwards.
The gnoll misses you. The rat completely misses you.
There is a stone staircase leading down here.
You hit the rat.
You kill the rat!
The gnoll closely misses you. The gnoll closely misses you.
The gnoll barely misses you.
You barely miss the gnoll. The gnoll hits you with a +0 spear.
The gnoll hits you but does no damage.
You hit the gnoll.
The gnoll is heavily wounded.
The gnoll hits you with a +0 spear. The gnoll closely misses you.
You hit the gnoll.
The gnoll is severely wounded.
The gnoll hits you with a +0 spear.
The gnoll hits you from afar with a +0 halberd.
* * * LOW HITPOINT WARNING * * *
You barely miss the gnoll.
The gnoll is severely wounded.
The gnoll hits you with a +0 spear.
* * * LOW HITPOINT WARNING * * *
The gnoll barely misses you.
You closely miss the gnoll.
The gnoll is severely wounded.
The gnoll closely misses you.
The gnoll hits you from afar with a +0 halberd!
* * * LOW HITPOINT WARNING * * *
You barely miss the gnoll.
The gnoll is severely wounded.
The gnoll closely misses you.
The gnoll hits you from afar with a +0 halberd!
* * * LOW HITPOINT WARNING * * *
You hit the gnoll.
The gnoll is severely wounded.
You hit the gnoll.
You kill the gnoll!
The gnoll misses you. The gnoll hits you with a +0 halberd.
You die...

###############
..........gh.>#
######.#####†#
#$.....# #.#
*#.....g# #.#
.........# #.#
.........# #.#
.#.......# #.#
#........ #.#
#...[....# #.#


You could see a gnoll.

Vanquished Creatures
  4 gnolls
  An adder (D:2)
  3 dart slugs
  An orc (D:3)
  7 ball pythons
  4 endoplasms
  2 giant cockroaches
  3 goblins (D:1)
  2 hobgoblins
  2 quokkas
  4 bats
  3 frilled lizards
  4 kobolds
  8 rats
48 creatures vanquished.

Notes
Turn   | Place    | Note
-------+----------+-------------------------------------------
     0 | D:1      | lunkers the Meteoran Shapeshifter began the quest for the
                  | Orb.
     0 | D:1      | Reached XP level 1. HP: 16/16 MP: 2/2
   119 | D:1      | Reached skill level 4 in Unarmed Combat
   119 | D:1      | Reached XP level 2. HP: 18/23 MP: 3/3
   175 | D:1      | Reached XP level 3. HP: 28/28 MP: 4/4
   264 | D:1      | Found a faded altar of an unknown god.
   386 | D:2      | Reached skill level 5 in Unarmed Combat
   386 | D:2      | Reached XP level 4. HP: 35/35 MP: 5/5
   855 | D:2      | Reached XP level 5. HP: 6/40 MP: 6/6
   900 | D:2      | HP: 1/40 [gnoll/+0 halberd (10)]
   903 | D:2      | Slain by a gnoll

Illustrated notes

Levels and vault maps discovered:
D:1:      dpeg_arrival_lava_temple_mockup, layout_rooms,
          dreamdust_ecumenical_altar_sealed_demon, nicolae_grassy_gnolls
D:2:      layout_basic, minmay_misc_feat_square, st_stairs_2
D:3:      layout_basic, serial_bayou_lagoon_a, chequers_avenue

Skill      XL: |  1  2  3 |
---------------+----------+-----
Unarmed Combat | 4 5 |  5.6
Shapeshifting  | 4 |  4.4
Fighting       | |  1.1
Dodging        | |  2.1

Action                     |  1- 3 |  4- 6 || total
---------------------------+-------+-------++-------
  Melee: Unarmed           |    55 |    59 ||   114
  Evoke: Wand              |       |     1 ||     1
 Armour: Animal skin       |     8 |       ||     8
         Ring mail         |     9 |    20 ||    29
  Dodge: Dodged            |    27 |    35 ||    62

Table legend: (Time is in decaauts)
 A = Elapsed time spent in this place.
 B = Non-inter-level travel time spent in this place.
 C = Inter-level travel time spent in this place.
 D = Time resting spent in this place.
 E = Time spent auto-exploring this place.
 F = Levels seen in this place.
 G = Mean time per level.
                   A        B        C        D        E       F      G
               +--------+--------+--------+--------+--------+-----+--------+
         Total |    891 |    874 |     17 |      0 |    539 |   3 |  297.0 |
       Dungeon |    891 |    874 |     17 |      0 |    539 |   3 |  297.0 |
               +--------+--------+--------+--------+--------+-----+--------+

Top non-repeatable levels by time:
     D:2: 517 daAuts
     D:1: 339 daAuts
     D:3: 34 daAuts
